Workbook

Sheet Balancete
A1: Conta contábil | B1: Descrição da Conta | C1: Saldo anterior | D1: Débito | E1: Crédito | F1: Saldo Atual
A2: 1 | B2: Ativo | C2: =C3+C197 -> 58054015 | D2: =D3+D197 -> 4.2609948e+08 | E2: =E3+E197 -> 4.2902256e+08 | F2: =F3+F197 -> 55130944
A3: 1.1 | B3: Ativo Circulante | C3: =C4+C67+C151+C155+C162+C172+C194 -> 42667159 | D3: =D4+D67+D151+D155+D162+D172+D194 -> 4.2536477e+08 | E3: =E4+E67+E151+E155+E162+E172+E194 -> 4.2882344e+08 | F3: =F4+F67+F151+F155+F162+F172+F194 -> 39208483
A4: 1.1.1 | B4: Disponível | C4: =C5+C7+C35 -> 24735972 | D4: =D5+D7+D35 -> 3.6001073e+08 | E4: =E5+E7+E35 -> 3.5995588e+08 | F4: =F5+F7+F35 -> 24790820
A5: 1.1.1.01 | B5: Caixa | C5: =SUM(C6:C6) -> 19.06 | D5: =SUM(D6:D6) -> 0 | E5: =SUM(E6:E6) -> 0 | F5: =SUM(F6:F6) -> 19.06
A6: 1.1.1.01.00001 | B6: Caixa | C6: 19.06 | D6: 0 | E6: 0 | F6: 19.06
A7: 1.1.1.02 | B7: Bancos Conta Movimento | C7: =SUM(C8:C34) -> 14276.58 | D7: =SUM(D8:D34) -> 2.8426459e+08 | E7: =SUM(E8:E34) -> 2.8417453e+08 | F7: =SUM(F8:F34) -> 104340.95
A8: 1.1.1.02.00010 | B8: Banco Santander - C/C 13-009265-4 | C8: -14088.96 | D8: 62309507 | E8: 62295419 | F8: 0
A9: 1.1.1.02.00014 | B9: Banco Bradesco CC/ 333.090-7 (***) | C9: 1 | D9: 1236.35 | E9: 1236.35 | F9: 1
A10: 1.1.1.02.00020 | B10: Banco do Brasil C/C 177914-1 | C10: 9663.31 | D10: 21425.09 | E10: 31088.4 | F10: 0
A11: 1.1.1.02.00021 | B11: Banco Santander C/C 13.011302-1 ContaMax | C11: 0 | D11: 32085315 | E11: 32085315 | F11: 0
A12: 1.1.1.02.00038 | B12: CEF 577054751-7 (903420-0) UNIVERSIDADES | C12: 0 | D12: 2773137 | E12: 2773137 | F12: 0
A13: 1.1.1.02.00058 | B13: CEF 577217355-0 FHSL (ANTIGA 366-2) | C13: 734.94 | D13: 61811819 | E13: 61809609 | F13: 2945.03
A14: 1.1.1.02.00062 | B14: CEF 577054671-5 (0491-0) HMFA Municipal | C14: 0 | D14: 482.92 | E14: 0.22 | F14: 482.7
A15: 1.1.1.02.00071 | B15: CEF 577054682-0 (0670-0) SER Munic | C15: 4 | D15: 21513.78 | E15: 9712.73 | F15: 11805.05
A16: 1.1.1.02.00072 | B16: CEF 577054685-5 (0744-7) HSL MUNICIPAL | C16: 0 | D16: 2988574.6 | E16: 2988574.6 | F16: 0
A17: 1.1.1.02.00073 | B17: CEF 577054686-3 (0745-5) HSL FEDERAL | C17: 0 | D17: 11169851 | E17: 11169851 | F17: 0
A18: 1.1.1.02.00076 | B18: CEF 577054705-3 (0899-0) CAPS FEDERAL | C18: 8 | D18: 762437.98 | E18: 762445.98 | F18: 0
A19: 1.1.1.02.00078 | B19: CEF 577054709-6 (0925-3) CAPS MUNICIPAL | C19: 5585.56 | D19: 3356599.3 | E19: 3362184.8 | F19: 0
... A34: 1.1.1.02.00113 | B34: Transfere GOV CEF 573469094-1 (3510-0) | C34: 0 | D34: 103917.87 | E34: 82555.4 | F34: 21362.47
A35: 1.1.1.03 | B35: Aplicações de Liquidez Imediata | C35: =SUM(C36:C66) -> 24721676 | D35: =SUM(D36:D66) -> 75746140 | E35: =SUM(E36:E66) -> 75781356 | F35: =SUM(F36:F66) -> 24686460
A36: 1.1.1.03.00020 | B36: BB CP Automático C/C 177914-1 | C36: 64385.11 | D36: 1764.08 | E36: 21564.75 | F36: 44584.44
A37: 1.1.1.03.00022 | B37: Santander CDB ContaMax 13009265-4 | C37: 0 | D37: 353541.59 | E37: 294189.86 | F37: 59351.73
A38: 1.1.1.03.00023 | B38: Santander CDB ContaMax 13011302-1 | C38: 2349.94 | D38: 14831998 | E38: 14832261 | F38: 2087.38
A39: 1.1.1.03.00037 | B39: Banco Bradesco Invest Facil 333090-7 | C39: 4776.8 | D39: 0 | E39: 1226.87 | F39: 3549.93
A40: 1.1.1.03.00050 | B40: CEF 577054751-7 (903420-0) UNIV FIC Giro | C40: 1.03 | D40: 587741.85 | E40: 581674.57 | F40: 6068.31
A41: 1.1.1.03.00073 | B41: CEF 577054671-5 (0491-0) HMFA FIC GIRO | C41: 31.15 | D41: 0.96 | E41: 0.22 | F41: 31.89
A42: 1.1.1.03.00081 | B42: CEF 577054682-0 (0670-0) SER Fic Mun | C42: 0.49 | D42: 0.02 | E42: 0 | F42: 0.51
A43: 1.1.1.03.00082 | B43: CEF 577054685-5 (0744-7)HSL MUN FIC Giro | C43: 83.45 | D43: 1469289.9 | E43: 1468913.6 | F43: 459.71
A44: 1.1.1.03.00083 | B44: CEF 577054686-3 (0745-5) HSL FED FIC Gir | C44: 13.49 | D44: 5466561.8 | E44: 5466084.5 | F44: 490.75
A45: 1.1.1.03.00095 | B45: CEF 577054683-9 (0700-5) HSL EST FIC Gir | C45: 0.56 | D45: 3352245.7 | E45: 3346347 | F45: 5899.24
A46: 1.1.1.03.00097 | B46: CEF 577054715-0 (1036-7) HMFA Fed FICGir | C46: 348269.97 | D46: 549.21 | E46: 348746.06 | F46: 73.12
A47: 1.1.1.03.00105 | B47: CEF 577054724-0 (1086-3) UPA UNIF MUN Fi | C47: 641105.5 | D47: 22922684 | E47: 19658913 | F47: 3904875.8
... A66: 1.1.1.03.00132 | B66: CEF 572952293-9 UCE CDB FLX | C66: 0 | D66: 13401.33 | E66: 0 | F66: 13401.33
A67: 1.1.2 | B67: Contas A Receber | C67: =C68+C71+C93+C112+C116+C120+C124+C128+C131+C134+C136+C139+C142+C145+C149 -> 12802128 | D67: =D68+D71+D93+D112+D116+D120+D124+D128+D131+D134+D136+D139+D142+D145+D149 -> 56089342 | E67: =E68+E71+E93+E112+E116+E120+E124+E128+E131+E134+E136+E139+E142+E145+E149 -> 59444635 | F67: =F68+F71+F93+F112+F116+F120+F124+F128+F131+F134+F136+F139+F142+F145+F149 -> 9446835.9
A68: 1.1.2.01 | B68: Contas a Receber Sus | C68: =SUM(C69:C70) -> 1354054.5 | D68: =SUM(D69:D70) -> 0 | E68: =SUM(E69:E70) -> 0 | F68: =SUM(F69:F70) -> 1354054.5
A69: 1.1.2.01.00001 | B69: SUS - Serviços Hospitalares- A Receber | C69: 644757.44 | D69: 0 | E69: 0 | F69: 644757.44
A70: 1.1.2.01.00003 | B70: Contratos de Gestão | C70: 709297.1 | D70: 0 | E70: 0 | F70: 709297.1
A71: 1.1.2.02 | B71: Contas a Receber Convenios | C71: =SUM(C72:C92) -> 765622.95 | D71: =SUM(D72:D92) -> 0 | E71: =SUM(E72:E92) -> 0 | F71: =SUM(F72:F92) -> 765622.95
A72: 1.1.2.02.00002 | B72: AMIL Assistencia Médica Sao Paulo S/A | C72: 7066.78 | D72: 0 | E72: 0 | F72: 7066.78
A73: 1.1.2.02.00004 | B73: Cassi- Caixa Assist.Func. Brasil | C73: 1245.56 | D73: 0 | E73: 0 | F73: 1245.56
A74: 1.1.2.02.00005 | B74: Economus - Inst.Seg.Social N.C. | C74: 109.34 | D74: 0 | E74: 0 | F74: 109.34
A75: 1.1.2.02.00008 | B75: Fundação Cesp/Cpfl/Eletrpaulo | C75: 12564.44 | D75: 0 | E75: 0 | F75: 12564.44
A76: 1.1.2.02.00019 | B76: Sassom - S.Assist.S.Mun.R.Preto | C76: 292576.86 | D76: 0 | E76: 0 | F76: 292576.86
A77: 1.1.2.02.00020 | B77: Saúde Bradesco - Bradesco Seg. | C77: 10299.71 | D77: 0 | E77: 0 | F77: 10299.71
A78: 1.1.2.02.00023 | B78: São Francisco Sistemas de Saúde | C78: 191585.99 | D78: 0 | E78: 0 | F78: 191585.99
A79: 1.1.2.02.00024 | B79: Sul America Serviços Med. Ltda. | C79: 33831.39 | D79: 0 | E79: 0 | F79: 33831.39
A80: 1.1.2.02.00026 | B80: Unimed | C80: 66685.65 | D80: 0 | E80: 0 | F80: 66685.65
A81: 1.1.2.02.00030 | B81: Apas | C81: 657.29 | D81: 0 | E81: 0 | F81: 657.29
A82: 1.1.2.02.00033 | B82: Hospital São Francisco Soc Empr | C82: 10375.38 | D82: 0 | E82: 0 | F82: 10375.38
A83: 1.1.2.02.00034 | B83: Univida | C83: 500 | D83: 0 | E83: 0 | F83: 500
... A92: 1.1.2.02.00077 | B92: Bradesco Saude - Operadora de Planos S/A | C92: 177.08 | D92: 0 | E92: 0 | F92: 177.08
A93: 1.1.2.03 | B93: Contas a receber FHSL -Conv.121/2021 | C93: =SUM(C94:C111) -> 5914833.7 | D93: =SUM(D94:D111) -> 11592608 | E93: =SUM(E94:E111) -> 10594765 | F93: =SUM(F94:F111) -> 6912677.2
A94: 1.1.2.03.00001 | B94: Unid Terapia Intensiva Leitos Enfermaria | C94: 333776.91 | D94: 1634721.8 | E94: 1300944.9 | F94: 667553.82
A95: 1.1.2.03.00002 | B95: Incentivo de Adesao a Contratualizacao | C95: 0 | D95: 744530.73 | E95: 744530.73 | F95: 0
A96: 1.1.2.03.00003 | B96: Leitos UTI pediatricos (Rede de Urgencia | C96: 0 | D96: 71786.28 | E96: 71786.28 | F96: 0
A97: 1.1.2.03.00004 | B97: Leitos UTI adultos (Rede Urg. e Emerg) | C97: 0 | D97: 105540.48 | E97: 105540.48 | F97: 0
A98: 1.1.2.03.00005 | B98: Leitos UTI adulto (Rede Cegonha) | C98: 0 | D98: 26385.12 | E98: 26385.12 | F98: 0
A99: 1.1.2.03.00006 | B99: Leitos UTI neonatal (Rede Cegonha) | C99: 0 | D99: 143572.56 | E99: 143572.56 | F99: 0
A100: 1.1.2.03.00007 | B100: Leitos de Enf. Clinica de Retaguarda | C100: 0 | D100: 674793.75 | E100: 674793.75 | F100: 0
A101: 1.1.2.03.00008 | B101: Incentivo da rede de Urg. e Emergencia | C101: 1423089.6 | D101: 1540508.2 | E101: 1936592.3 | F101: 1027005.5
A102: 1.1.2.03.00009 | B102: Incentivo para servico de cardiologia | C102: 29822.21 | D102: 89466.63 | E102: 59644.42 | F102: 59644.42
A103: 1.1.2.03.00011 | B103: Sala Estabilizacao | C103: 193440 | D103: 580320 | E103: 386880 | F103: 386880
A104: 1.1.2.03.00012 | B104: Piso Nacional de Enfermagem | C104: 61378.89 | D104: 73511.68 | E104: 110483.53 | F104: 24407.04
A105: 1.1.2.03.00013 | B105: Tabela SUS Paulista | C105: 2452331.7 | D105: 2452331.7 | E105: 2452331.7 | F105: 2452331.7
... A111: 1.1.2.03.00021 | B111: Port. GM/MS nº7379 30/06/2025 | C111: 0 | D111: 149372.4 | E111: 0 | F111: 149372.4
A112: 1.1.2.04 | B112: Contas a receber- U13 - CG nº 324/2023 | C112: =SUM(C113:C115) -> 1355077.5 | D112: =SUM(D113:D115) -> 10346324 | E112: =SUM(E113:E115) -> 11687745 | F112: =SUM(F113:F115) -> 13656.32
A113: 1.1.2.04.00001 | B113: U13- Recurso Federal (pt fixa) | C113: 591164.12 | D113: 0 | E113: 591164.12 | F113: 0
A114: 1.1.2.04.00002 | B114: U13- Rec. Fed.- Piso Enfermagem | C114: 29916.42 | D114: 39080.32 | E114: 55340.42 | F114: 13656.32
A115: 1.1.2.04.00003 | B115: U13- Tesouro Municipal | C115: 733996.94 | D115: 10307244 | E115: 11041241 | F115: 0
A116: 1.1.2.05 | B116: Contas a receber- USM - CG nº 324/2023 | C116: =SUM(C117:C119) -> 1118218 | D116: =SUM(D117:D119) -> 8675448.6 | E116: =SUM(E117:E119) -> 9781172.5 | F116: =SUM(F117:F119) -> 12494.08
A117: 1.1.2.05.00001 | B117: USM- Recurso Federal (pt fixa) | C117: 485971.28 | D117: 0 | E117: 485971.28 | F117: 0
A118: 1.1.2.05.00002 | B118: USM- Rec. Fed.- Piso Enfermagem | C118: 28858.59 | D118: 36029.44 | E118: 52393.95 | F118: 12494.08
A119: 1.1.2.05.00003 | B119: USM- Tesouro Municipal | C119: 603388.16 | D119: 8639419.1 | E119: 9242807.3 | F119: 0
A120: 1.1.2.06 | B120: Contas a receber- UNM - CG nº 324/2023 | C120: =SUM(C121:C123) -> 1166144.6 | D120: =SUM(D121:D123) -> 8953560.9 | E120: =SUM(E121:E123) -> 10107357 | F120: =SUM(F121:F123) -> 12348.8
A121: 1.1.2.06.00001 | B121: UNM- Recurso Federal (pt fixa) | C121: 507767.57 | D121: 0 | E121: 507767.57 | F121: 0
A122: 1.1.2.06.00002 | B122: UNM- Rec. Fed.- Piso Enfermagem | C122: 27926.35 | D122: 35157.76 | E122: 50735.31 | F122: 12348.8
A123: 1.1.2.06.00003 | B123: UNM- Tesouro Municipal | C123: 630450.71 | D123: 8918403.2 | E123: 9548853.9 | F123: 0
A124: 1.1.2.07 | B124: Contas a receber- UVV - CG nº 324/2023 | C124: =SUM(C125:C127) -> 1096158.8 | D124: =SUM(D125:D127) -> 8446555.6 | E124: =SUM(E125:E127) -> 9530656.2 | F124: =SUM(F125:F127) -> 12058.24
A125: 1.1.2.07.00001 | B125: UVV- Recurso Federal (pt fixa) | C125: 476418.16 | D125: 0 | E125: 476418.16 | F125: 0
A126: 1.1.2.07.00002 | B126: UVV- Rec. Fed.- Piso Enfermagem | C126: 28213.77 | D126: 35157.76 | E126: 51313.29 | F126: 12058.24
A127: 1.1.2.07.00003 | B127: UVV- Tesouro Municipal | C127: 591526.89 | D127: 8411397.8 | E127: 9002924.7 | F127: 0
A128: 1.1.2.08 | B128: Contas a Receber- ZEF- CG nº 031/2024 | C128: =SUM(C129:C130) -> 4672.29 | D128: =SUM(D129:D130) -> 1296552.7 | E128: =SUM(E129:E130) -> 1299086 | F128: =SUM(F129:F130) -> 2138.97
A129: 1.1.2.08.00001 | B129: ZEF- Recurso Federal | C129: 0 | D129: 1290297.2 | E129: 1290297.2 | F129: 0
A130: 1.1.2.08.00002 | B130: ZEF- Rec. Fed.- Piso Enfermagem | C130: 4672.29 | D130: 6255.48 | E130: 8788.8 | F130: 2138.97
A131: 1.1.2.09 | B131: Contas a Receber- CRI- CG nº 031/2024 | C131: =SUM(C132:C133) -> 5840.43 | D131: =SUM(D132:D133) -> 1273024.1 | E131: =SUM(E132:E133) -> 1276660.9 | F131: =SUM(F132:F133) -> 2203.64
A132: 1.1.2.09.00001 | B132: CRI- Recurso Federal | C132: 0 | D132: 1266292.1 | E132: 1266292.1 | F132: 0
A133: 1.1.2.09.00002 | B133: CRI- Rec. Fed.- Piso Enfermagem | C133: 5840.43 | D133: 6732 | E133: 10368.79 | F133: 2203.64
A134: 1.1.2.10 | B134: Contas a Receber- HFA- Conv 022/2020 | C134: =SUM(C135:C135) -> 12298.03 | D134: =SUM(D135:D135) -> 0 | E134: =SUM(E135:E135) -> 12298.03 | F134: =SUM(F135:F135) -> 0
A135: 1.1.2.10.00002 | B135: HFA- Rec. Fed.- Piso Enfermagem | C135: 12298.03 | D135: 0 | E135: 12298.03 | F135: 0
A136: 1.1.2.11 | B136: Contas a Receber- CAPS- Conv 141/2022 | C136: =SUM(C137:C138) -> 9207.38 | D136: =SUM(D137:D138) -> 1990424.8 | E136: =SUM(E137:E138) -> 1996290.7 | F136: =SUM(F137:F138) -> 3341.44
A137: 1.1.2.11.00002 | B137: CAPS- Rec. Fed.- Piso Enfermagem | C137: 9207.38 | D137: 10605.44 | E137: 16471.38 | F137: 3341.44
A138: 1.1.2.11.00003 | B138: CAPS- Recurso Municipal | C138: 0 | D138: 1979819.3 | E138: 1979819.3 | F138: 0
A139: 1.1.2.12 | B139: Contas a Receber- SERERP- Conv 247/2023 | C139: =SUM(C140:C141) -> 0 | D139: =SUM(D140:D141) -> 171513.78 | E139: =SUM(E140:E141) -> 171513.78 | F139: =SUM(F140:F141) -> 0
A140: 1.1.2.12.00001 | B140: SERERP- Recurso Municipal | C140: 0 | D140: 21513.78 | E140: 21513.78 | F140: 0
A141: 1.1.2.12.00002 | B141: SERERP- Recurso Federal | C141: 0 | D141: 150000 | E141: 150000 | F141: 0
A142: 1.1.2.13 | B142: Contas a Receber- UCE- Conv | C142: =SUM(C143:C144) -> 0 | D142: =SUM(D143:D144) -> 974844.89 | E142: =SUM(E143:E144) -> 973392.02 | F142: =SUM(F143:F144) -> 1452.87
A143: 1.1.2.13.00001 | B143: UCE- Rec. Fed.- Piso Enfermagem | C143: 0 | D143: 2905.74 | E143: 1452.87 | F143: 1452.87
A144: 1.1.2.13.00002 | B144: UCE- Recurso Municipal | C144: 0 | D144: 971939.15 | E144: 971939.15 | F144: 0
A145: 1.1.2.14 | B145: Contas a Receber- HFA- Conv 216/2025 | C145: =SUM(C146:C148) -> 0 | D145: =SUM(D146:D148) -> 2018346.5 | E145: =SUM(E146:E148) -> 2013697.6 | F145: =SUM(F146:F148) -> 4648.96
...
